 Dungeon Crawl Stone Soup version 0.28.0-43-g3370ac3207 (webtiles) character file.

Game seed: 15418734735658806122

2418 Revguard the Magician (level 9, -1/97 HPs)
             Began as a Demonspawn Venom Mage on Mar 11, 2022.
             Was an Initiate of Gozag.
             Slain by Menkaure (5 damage)
             ... on level 7 of the Dungeon.
             The game lasted 00:32:19 (8502 turns).

Revguard the Magician (Demonspawn Venom Mage)       Turns: 8502, Time: 00:32:20

Health: -1/97      AC:  7    Str: 10    XL:     9   Next: 24%
Magic:  16/17      EV: 17    Int: 18    God:    Gozag
Gold:   117        SH:  0    Dex: 15    Spells: 7/19 levels left

rFire   . . .      SeeInvis .   c - +2 quarterstaff
rCold   . . .      Faith    .   (shield currently unavailable)
rNeg    . . .      Spirit   .   a - +0 robe
rPois   .          Reflect  .   (helmet restricted)
rElec   .          Harm     .   (no cloak)
rCorr   +          Rampage  .   d - +2 pair of gloves
Will    .....                   (no boots)
Stlth   ..........              (no amulet)
HPRegen 0.26/turn               f - ring of resist corrosion
MPRegen 0.15/turn               h - +4 ring of evasion

@: berserking (expiring), gold aura, hasted, very quick
A: horns 1, slimy green scales 1, demonic guardian 1, demonic magic 1
a: Renounce Religion, Potion Petition, Call Merchant, Bribe Branch


You were on level 7 of the Dungeon.
You worshipped Gozag.
Gozag was aware of your devotion.
You visited 2 branches of the dungeon, and saw 8 of its levels.

You collected 600 gold pieces.
You paid 483 gold pieces to Gozag.

Inventory:

Hand Weapons
 c - a +2 quarterstaff (weapon)
Armour
 a - a +0 robe (worn)
 d - a +2 pair of gloves (worn)
Jewellery
 f - a ring of resist corrosion (left hand)
 h - a +4 ring of evasion (right hand)
 n - a ring of fire
Wands
 i - a wand of flame (22)
 k - a wand of charming (10)
Scrolls
 g - a scroll of enchant weapon
 m - 4 scrolls of amnesia
 p - a scroll of immolation
Potions
 e - a potion of mutation
 j - 2 potions of might


   Skills:
 + Level 3.9 Fighting
 + Level 3.4 Staves
 - Level 0.8 Armour
 + Level 4.1 Dodging
 + Level 4.2 Stealth
 * Level 5.7 Spellcasting
 + Level 3.8 Conjurations
 - Level 1.3 Transmutations
 + Level 3.2 Air Magic
 + Level 5.0 Poison Magic
 + Level 0.7 Evocations


You had 7 spell levels left.
You knew the following spells:

 Your Spells              Type           Power      Damage    Failure   Level
a - Sting                 Tmut/Pois      64%        1d6       3%          1
b - Poisonous Vapours     Pois/Air       40%        N/A       3%          2
c - Mephitic Cloud        Conj/Pois/Air  19%        N/A       7%          3
d - Passwall              Tmut/Erth      5%         N/A       14%         2
e - Olgreb's Toxic Radia  Pois           23%        N/A       16%         4

Your spell library contained the following spells:

 Spells                   Type           Power      Damage    Failure   Level
 Static Discharge         Conj/Air       17%        N/A       4%          2
 Sandblast                Erth           10%        2d5       12%         1
 Stone Arrow              Conj/Erth      24%        3d8       17%         3
 Lightning Bolt           Conj/Air       8%         1d21      63%         5
 Maxwell's Capacitive Co  Air            8%         ∞         100%        8


Dungeon Overview and Level Annotations

Branches:
Dungeon (7/15)             Temple (1/1) D:5

Altars:
Ashenzari
Dithmenos
Elyvilon
Fedhas
Gozag
Hepliaklqana
Kikubaaqudgha
Makhleb
Nemelex Xobeh
Okawaru
Qazlal
Sif Muna
Trog
Uskayaw
Vehumet
Wu Jian
Yredelemnul
Zin
The Shining One

Shops:
D:2 (   D:3 !

Annotations:
D:6 2 transporters, Exporg's ghost, amateur FoFi
D:7 Menkaure


Innate Abilities, Weirdness & Mutations

You have a pair of small horns on your head.
You are partially covered in slimy green scales. (AC +2)
A weak demonic guardian rushes to your aid.
Spells you cast may paralyse adjacent enemies.


Message History

A scorpion comes into view.
Found 11 gold pieces.
Found a stone staircase leading up.
A steam dragon comes into view.
The wyvern hisses menacingly.
Okay, then. [a] - 400 gold - haste and resistance [b] - 420 gold - haste, heal wounds and berserk rage [c] - 572 gold - brilliance, magic and resistance Purchase which effect?
You no longer have enough gold to petition Gozag for potion effects.
You feel yourself speed up.
You feel much better.
A red film seems to cover your vision as you go berserk!
You feel yourself moving faster!
You feel mighty!
The steam dragon hisses angrily.
You sock the orc!
You kill the orc!
You closely miss the wyvern. Your headbutt misses the wyvern.
The wyvern is heavily wounded.
The wyvern bites you. The wyvern bites you!
* * * LOW HITPOINT WARNING * * *
You thump the wyvern!
You kill the wyvern!
The scorpion stings you but does no damage.
You barely miss the orc.
The orc is moderately wounded.
The orc misses you. The scorpion misses you.
You barely miss the orc. Your headbutt misses the orc.
The orc is moderately wounded.
The orc completely misses you.
You sock the orc!
You kill the orc!
The scorpion misses you. Menkaure hits you!!
* * * LOW HITPOINT WARNING * * *
Items here: $ )) [.
You sock Menkaure! You headbutt Menkaure!
Menkaure is almost destroyed.
The orc hits you but does no damage. Menkaure hits you.
You die...
Your body crumbles into a pile of gold.

#........ #........
#........ #......$.
......... ##......##
#$D.....<# #.s.......
#####@o......# ##
############...M.........
..
....................$....
..
.........####.#..........
.
....####.###.|##.......##
..#..# #......#####...##
..+?...#..$.#.# # .....
## ..##.#.#....#o##.#
##... #. ..
...#....#..... ## ####.


You could see a steam dragon, Menkaure (fast), a scorpion and an orc.

Vanquished Creatures
  Sigmund (D:5)
  A wyvern (D:7)
  Duvessa (D:5)
  An acid dragon (D:6)
  An ice beast (D:6)
  A sky beast (D:6)
  A black bear (D:7)
  An orc warrior (D:7)
  A necrophage (D:6)
  A phantom (D:4)
  A bullfrog (D:6)
  A wyvern zombie (D:7)
  2 scorpions
  Dowan (D:5)
  A water moccasin skeleton (D:6)
  3 wights (D:6)
  4 orc priests
  2 hounds (D:5)
  A centaur skeleton (D:6)
  A gnoll shaman (D:6)
  Ijyb (D:5)
  2 iguanas
  Natasha (thrice) (D:4)
  9 orc wizards
  2 hound skeletons
  3 gnolls (D:6)
  7 adders
  2 shadow imps
  3 dart slugs
  11 orcs
  3 bats (D:1)
  3 endoplasms
  5 giant cockroaches
  6 goblins
  4 hobgoblins
  4 jackals (D:3)
  4 kobolds
  4 quokkas
  7 ball pythons
  6 frilled lizards
  5 rats
121 creatures vanquished.

Vanquished Creatures (collateral kills)
  A black bear (D:7)
  A bullfrog skeleton (D:6)
  2 orc wizards (D:3)
  2 gnolls (D:6)
  An adder (D:4)
  A worm (D:3)
  A goblin (D:3)
  A hobgoblin (D:3)
  A bat (D:3)
11 creatures vanquished.

Grand Total: 132 creatures vanquished

Notes
Turn   | Place    | Note
-------+----------+-------------------------------------------
     0 | D:1      | Revguard the Demonspawn Venom Mage began the quest for the
                  | Orb.
     0 | D:1      | Reached XP level 1. HP: 13/13 MP: 3/3
    82 | D:1      | Reached skill level 1 in Transmutations
   133 | D:1      | Found a faded altar of an unknown god.
   199 | D:1      | Gained mutation: A weak demonic guardian rushes to your
                  | aid. [demonic ancestry]
   199 | D:1      | Reached XP level 2. HP: 19/20 MP: 1/5
   283 | D:1      | Learned a level 2 spell: Poisonous Vapours
   940 | D:2      | Found a stormy altar of Qazlal.
  1083 | D:2      | Found Perghav's Antique Weapon Emporium.
  1466 | D:2      | Reached XP level 3. HP: 22/25 MP: 3/6
  1559 | D:2      | Learned a level 3 spell: Mephitic Cloud
  2282 | D:3      | Reached skill level 1 in Fighting
  2292 | D:3      | Found a shimmering blue altar of Sif Muna.
  2316 | D:3      | Reached XP level 4. HP: 31/32 MP: 1/8
  2481 | D:3      | Found Cyaq's Distillery.
  2500 | D:3      | Identified the +5 plate armour of Satisfaction {Rampage rC+
                  | Int+3}
  2792 | D:3      | Identified the +1 helmet of Quenal {rF- rCorr Int+5 Dex+4}
  2821 | D:3      | Reached skill level 1 in Conjurations
  2844 | D:3      | Gained mutation: You have a pair of small horns on your
                  | head. [demonic ancestry]
  2844 | D:3      | Reached XP level 5. HP: 19/37 MP: 2/9
  2850 | D:3      | Reached skill level 1 in Staves
  3209 | D:1      | Learned a level 2 spell: Passwall
  3365 | D:4      | Noticed Natasha
  3377 | D:4      | Killed Natasha
  3693 | D:4      | Noticed Natasha
  3701 | D:4      | Killed Natasha
  3702 | D:4      | Gained mutation: Spells you cast may paralyse adjacent
                  | enemies. [demonic ancestry]
  3702 | D:4      | Reached XP level 6. HP: 41/44 MP: 2/10
  3735 | D:4      | Reached skill level 1 in Air Magic
  4014 | D:4      | Found a burning altar of Makhleb.
  4035 | D:4      | Found a blossoming altar of Fedhas.
  4037 | D:4      | Noticed Natasha
  4045 | D:4      | Killed Natasha
  4348 | D:4      | Found a broken altar of Ashenzari.
  4605 | D:4      | Found an ornate altar of the Wu Jian Council.
  4798 | D:5      | Entered Level 5 of the Dungeon
  4834 | D:5      | Reached XP level 7. HP: 43/50 MP: 1/12
  4930 | D:5      | Noticed Ijyb
  4940 | D:5      | Noticed Duvessa
  4941 | D:5      | Killed Ijyb
  4950 | D:5      | Noticed Dowan
  4957 | D:5      | Killed Duvessa
  5276 | D:5      | Killed Dowan
  5621 | D:5      | Found a staircase to the Ecumenical Temple.
  5630 | Temple   | Entered the Ecumenical Temple
  5902 | Temple   | Became a worshipper of Gozag Ym Sagoz the Greedy
  5981 | D:5      | Found a basalt altar of Yredelemnul.
  6229 | D:5      | Found a radiant altar of Vehumet.
  6323 | D:5      | Noticed Sigmund
  6349 | D:5      | Killed Sigmund
  6443 | D:5      | Learned a level 4 spell: Olgreb's Toxic Radiance
  6737 | D:6      | Reached XP level 8. HP: 33/57 MP: 14/14
  7036 | D:6      | Found a transporter.
  7042 | D:6      | Noticed Exporg's ghost (amateur FoFi)
  7058 | D:6      | Found a transporter.
  7299 | D:6      | Reached skill level 5 in Spellcasting
  8196 | D:7      | Gained mutation: You are partially covered in slimy green
                  | scales. (AC +2) [demonic ancestry]
  8196 | D:7      | Reached XP level 9. HP: 61/65 MP: 6/17
  8463 | D:7      | Noticed Menkaure
  8475 | D:7      | Reached skill level 5 in Poison Magic
  8501 | D:7      | HP: 4/97 [Menkaure (21)]
  8502 | D:7      | Slain by Menkaure

Illustrated notes

Levels and vault maps discovered:
D:1:      roderic_dead_forest, layout_rooms, ebering_ecumenical_altar_box,
          serial_glass, glass_columns_c, glass_columns_a, due_unseen_surprise,
          feat_on_display, item_on_display_a, minmay_strange_pillars,
          moated_statue
D:2:      layout_basic, basic_altar, serial_shops, shop, grunt_ministairs_7,
          minmay_misc_feat_hallway
D:3:      layout_basic, mainiacjoe_overflow_small_starburst, serial_shops, shop,
          minmay_misc_feat_square, kennysheep_generic_room_8
D:4:      layout_cave_pods, bloody_makhleb, nicolae_wu_jian_glorious_leap,
          lemuel_doored_altar, mainiacjoe_overflow_alcove_1, uniq_natasha
D:5:      layout_basic, general_overflow_altar, lemuel_crystal_altar,
          lemuel_temple_firewalk_b, uniq_sigmund, uniq_duvessa, uniq_ijyb
D:6:      layout_rooms, gammafunk_ghost_stat_death
D:7:      minmay_flawed_box, layout_basic, nicolae_ru_sacrificial_ziggurat,
          serial_shops, shop, gammafunk_ghost_wrathful_warriors,
          uniq_crazy_yiuf_cottage, uniq_menkaure
Temple:   minmay_temple_curvy_loop

Skill      XL: |  1  2  3  4  5  6  7  8  9 |
---------------+----------------------------+-----
Transmutations | 1 |  1.3
Dodging        | 2 3 4 |  4.1
Stealth        | 2 3 4 |  4.2
Fighting       | 1 2 3 |  3.9
Conjurations   | 1 2 3 |  3.8
Staves         | 1 2 3 |  3.4
Spellcasting   | 3 4 5 |  5.7
Air Magic      | 1 2 3 |  3.2
Poison Magic   | 4 5 |  5.0
Armour         | |  0.8
Evocations     | |  0.7

Action                   |  1- 3 |  4- 6 |  7- 9 || total
-------------------------+-------+-------+-------++-------
Melee: Unarmed           |     1 |       |       ||     1
       Quarterstaff      |    47 |   123 |   170 ||   340
       Headbutt          |       |    11 |    37 ||    48
 Cast: Sting             |    35 |    15 |    26 ||    76
       Poisonous Vapours |    19 |    18 |    15 ||    52
       Mephitic Cloud    |       |     6 |    12 ||    18
       Passwall          |       |     4 |       ||     4
       Olgreb's Toxic Ra |       |       |     2 ||     2
Invok: Potion Petition   |       |       |     1 ||     1
  Use: Scroll            |     3 |     7 |     6 ||    16
       Potion            |       |     3 |     4 ||     7
 Stab: Sleeping          |     1 |     1 |     4 ||     6
       Paralysed         |       |     6 |    29 ||    35
       Confused          |       |       |     4 ||     4
       Distracted        |       |       |     2 ||     2
Armor: Robe              |    16 |    46 |    32 ||    94
Dodge: Dodged            |    68 |   140 |   123 ||   331
